 Dungeon Crawl Stone Soup version 0.24-b1 (webtiles) character file.

Game seed: 1081161153323948391, levelgen mode: deterministic

22 Pyrphoros the Ruffian (level 2, -1/23 HPs)
             Began as a Draconian Transmuter on Oct 13, 2019.
             Slain by a gnoll
             ... wielding a +0 spear
              (3 damage)
             ... on level 1 of the Dungeon.
             The game lasted 00:02:36 (509 turns).

Pyrphoros the Ruffian (Draconian Transmuter)         Turns: 509, Time: 00:02:36

Health: -1/23      AC:  4    Str: 12    XL:     2   Next: 68%
Magic:  3/5        EV: 12    Int: 13    God:
Gold:   45         SH:  0    Dex: 11    Spells: 2/5 levels left

rFire    . . .     SeeInvis .     - Unarmed
rCold    . . .     Gourm    .   (no shield)
rNeg     . . .     Faith    .   (armour unavailable)
rPois    .         Spirit   .   (helmet restricted)
rElec    .         Reflect  .   (no cloak)
rCorr    .         Harm     .   (no gloves)
MR       .....                  (no boots)
Stlth    +.........             (no amulet)
HPRegen  0.07/turn              (no ring)
MPRegen  0.09/turn              (no ring)

@: no status effects
A: unfitting armour, cold-blooded, AC +4
a: no special abilities


You were on level 1 of the Dungeon.
You were not hungry.

You visited 1 branch of the dungeon, and saw 1 of its levels.

You collected 45 gold pieces.

Inventory:

Missiles
 a - 11 arrows
 g - 22 stones (quivered)
 h - 5 boomerangs
Armour
 j - a +0 leather armour
Scrolls
 d - a scroll of fog {unknown}
 e - a scroll of teleportation {unknown}
 k - a scroll of immolation {unknown}
 l - a scroll of enchant weapon {unknown}
Potions
 f - a potion of flight {unknown}
 i - a potion of agility {unknown}
Comestibles
 b - 8 chunks of flesh
 c - a ration


   Skills:
 - Level 1.1 Fighting
 + Level 2.0 Dodging
 * Level 3.4 Unarmed Combat
 + Level 2.2 Spellcasting
 + Level 2.2 Transmutations


You had 2 spell levels left.
You knew the following spells:

 Your Spells              Type           Power        Failure   Level  Hunger
a - Beastly Appendage     Tmut           #.....       10%         1    ##.....
b - Sticks to Snakes      Tmut           #.......     14%         2    ###....

Your spell library contained the following spells:

 Spells                   Type           Power        Failure   Level  Hunger
 Spider Form              Tmut/Pois      #.........   43%         3    ####...
 Ice Form                 Ice/Tmut       #.......     83%         4    #####..
 Blade Hands              Tmut           #.........   95%         5    ######.


Dungeon Overview and Level Annotations

Branches:
Dungeon (1/15)

Altars:
The Shining One


Innate Abilities, Weirdness & Mutations

Your plain brown scales are hard. (AC +4)
You cannot fit into any form of body armour.
You are cold-blooded and may be slowed by cold attacks.


Message History

Casting: Beastly Appendage (safe; 10% risk of failure)
Confirm with . or Enter, or press ? or * to list all spells.
Your feet morph into talons.
Your transformation is almost over.
The gnoll closely misses you.
You barely miss the gnoll. You claw the gnoll, but do no damage.
You punch the gnoll.
The gnoll is moderately wounded.
The gnoll hits you with a +0 spear!
* * * LOW HITPOINT WARNING * * *
Casting: Beastly Appendage (safe; 10% risk of failure)
Confirm with . or Enter, or press ? or * to list all spells.
You create a snake!
You now have 11 arrows.
The gnoll hits you with a +0 spear.
* * * LOW HITPOINT WARNING * * *
The gnoll closely misses you.
Your talons disappear.
Your ball python bites the gnoll but does no damage.
Your ball python grabs the gnoll.
Your ball python constricts the gnoll.
The gnoll hits you from afar with a +0 spear.
You die...

..... #...#.# #..# ...
##.#...# ##.. #.#
..####..#.#####... #.#
.............#..# #
####.#
..######...##.#.##.#
.##....##.... ..#
#.####......# ..........#
#.###)# ####.#..###
...)..#####
##.....###..........
....#....#
#gS@###....###.####.
########.#####.#..##....#
.# #...##..##....>..# .#
###.#..######........#
#...## #........# ##.##
#........# #.# #........#
### #........# .........#


You could see a gnoll and a friendly ball python.

Vanquished Creatures
  2 leopard geckos (D:1)
  A ball python (D:1)
  A bat (D:1)
  2 giant cockroaches (D:1)
  2 goblins (D:1)
  4 hobgoblins (D:1)
  A frilled lizard (D:1)
  A kobold (D:1)
  4 rats (D:1)
18 creatures vanquished.

Notes
Turn   | Place    | Note
-------+----------+-------------------------------------------
     0 | D:1      | Pyrphoros the Draconian Transmuter began the quest for the
                  | Orb.
     0 | D:1      | Reached XP level 1. HP: 16/16 MP: 3/3
    82 | D:1      | Found a glowing golden altar of the Shining One.
   326 | D:1      | Reached XP level 2. HP: 21/23 MP: 0/5
   344 | D:1      | Learned a level 2 spell: Sticks to Snakes
   509 | D:1      | Slain by a gnoll

Skill      XL: |  1  2 |
---------------+-------+-----
Dodging        | 2 |  2.0
Fighting       | |  1.1
Unarmed Combat | |  3.4
Spellcasting   | |  2.2
Transmutations | |  2.2

Action                   || total
-------------------------++-------
Melee: Unarmed           ||    60
       Kick              ||     6
       Headbutt          ||     4
       Punch             ||     2
       Tailslap          ||     1
 Cast: Beastly Appendage ||    13
       Sticks to Snakes  ||     1
Armor: Skin              ||    18
Dodge: Dodged            ||    39
